 Dungeon Crawl Stone Soup version 0.27-a0-1334-g2746e35aca (webtiles) character file.

Game seed: 11751715182344257735

746 Delamore the Covert (level 7, -6/48 HPs)
             Began as an Octopode Brigand on June 26, 2021.
             Was an Initiate of Gozag.
             Mangled by Duvessa (20 damage)
             ... on level 5 of the Dungeon.
             The game lasted 00:05:53 (6941 turns).

Delamore the Covert (Octopode Brigand)              Turns: 6941, Time: 00:05:54

Health: -6/48      AC:  1    Str: 10    XL:     7   Next: 77%
Magic:  16/16      EV: 14    Int: 20    God:    Gozag
Gold:   256        SH:  0    Dex: 15    Spells: 6/6 levels left

rFire    . . .     SeeInvis .   a - +2 dagger
rCold    . . .     Faith    .   (no shield)
rNeg     . . .     Spirit   .   (helmet restricted)
rPois    .         Reflect  .   (no amulet)
rElec    .         Harm     .   d - ring of magical power
rCorr    +         Rampage  .   n - ring of resist corrosion
Will     +....                  s - +6 ring of intelligence
Stlth    +++++.....             u - ring of willpower
HPRegen  0.16/turn              (no ring)
MPRegen  0.15/turn              (no ring)
                                (no ring)
                                (no ring)

@: no status effects
A: almost no armour, amphibious, 8 rings, camouflage 1, gelatinous body 1,
(nimble swimmer 1), tentacles
a: Renounce Religion, Potion Petition, Call Merchant, Bribe Branch


You were on level 5 of the Dungeon.
You worshipped Gozag.
Gozag was aware of your devotion.
You visited 2 branches of the dungeon, and saw 6 of its levels.

You collected 354 gold pieces.
You paid 98 gold pieces to Gozag.

Inventory:

Hand Weapons
 a - a +2 dagger (weapon)
 y - a +1 rapier of speed
Missiles
 b - 5 poisoned darts (quivered)
 g - 9 datura-tipped darts
 r - 4 boomerangs
Jewellery
 d - a ring of magical power (left tentacle)
 n - a ring of resist corrosion (right tentacle)
 s - a +6 ring of intelligence (on tentacle)
 u - a ring of willpower (on tentacle)
Wands
 j - a wand of iceblast (4)
 v - a wand of flame (10)
Scrolls
 e - 2 scrolls of vulnerability
 f - a scroll of immolation
 h - a scroll of silence {unknown}
 l - 3 scrolls of magic mapping
 m - a scroll of enchant armour {unknown}
 p - 2 scrolls of teleportation
 w - a scroll of noise {unknown}
 x - a scroll of identify
Potions
 c - a potion of magic {unknown}
 i - 2 potions of brilliance
 k - a potion of curing
 o - a potion of cancellation {unknown}
 q - 2 potions of lignification {unknown}
 t - 2 potions of heal wounds {unknown}


   Skills:
 + Level 4.1 Fighting
 + Level 4.1 Short Blades
 - Level 3.0 Throwing
 - Level 3.0 Dodging
 * Level 9.2 Stealth


You had 6 spell levels left.
You didn't know any spells.
Your spell library was empty.

Dungeon Overview and Level Annotations

Branches:
Dungeon (5/15)             Temple (1/1) D:5

Altars:
Fedhas
Gozag
Makhleb
Ru
Xom
Yredelemnul

Shops:
D:5 [

Annotations:
D:4 exclusion: oklob plant
D:5 Duvessa


Innate Abilities, Weirdness & Mutations

You cannot wear most types of armour.
You are amphibious.
You can wear up to eight rings at the same time.
Your skin changes colour to match your surroundings (Stealth+).
Your rubbery body absorbs attacks. (AC +1, EV +1)
((You are camouflaged near water. (Stealth+)))
You have tentacles for arms and can constrict up to eight enemies at once.


Message History

Aim: Duvessa, wielding a +4 short sword of venom and wearing a +1 leather armour of cold resistance (moderately wounded, berserk, unaware, poisoned, slow, hasn't noticed you, 65% to hit)
You throw a poisoned dart.
The poisoned dart closely misses Duvessa.
Duvessa shouts!
Throw: 6 darts (poison)
Press: ? - help, Q - select action, (/) - cycle Shift-Dir - straight line, f/p - Duvessa
Aim: Duvessa, wielding a +4 short sword of venom and wearing a +1 leather armour of cold resistance (moderately wounded, berserk, poisoned, slow, 65% to hit)
You throw a poisoned dart. The poisoned dart hits Duvessa.
Duvessa looks even sicker.
Duvessa is no longer distracted by gold.
Duvessa is moderately wounded.
You closely miss Duvessa. You grab Duvessa.
You squeeze Duvessa, but do no damage.
Duvessa is moderately wounded.
You constrict Duvessa, but do no damage.
Duvessa closely misses you.
You hit Duvessa but do no damage. You squeeze Duvessa!
Duvessa is heavily wounded.
You constrict Duvessa.
Duvessa hits you with a +4 short sword of venom!
You hit Duvessa but do no damage.
Duvessa is heavily wounded.
You constrict Duvessa, but do no damage.
You hit Duvessa but do no damage.
Duvessa is heavily wounded.
You constrict Duvessa, but do no damage.
Duvessa closely misses you.
You hit Duvessa.
Duvessa is severely wounded.
You constrict Duvessa.
Duvessa hits you with a +4 short sword of venom!!
* * * LOW HITPOINT WARNING * * *
You hit Duvessa but do no damage.
Duvessa is severely wounded.
You constrict Duvessa.
Duvessa is no longer moving slowly.
Duvessa closely misses you.
You release your grip on Duvessa.
Duvessa hits you with a +4 short sword of venom!!
You die...
Your body crumbles into a pile of gold.

## ##################.
#...#....'....+..#.
#.<.#....#....#..#. #####
#.@.#....#....#..'. ....#
#.e.#######...#..#. ....####.
#...##...##..##..## ........#+###
#...##....'..##..##
........+.$..##...##....#...#....
........#.(..#.(..##...##...#....
........# ...##...##...##...#....
#'##########'##........#....#...#
#.......#..............#....'...'


You could see Duvessa (berserk, poisoned).

Vanquished Creatures
  Sigmund (D:5)
  Eustachio (D:5)
  Dowan (D:5)
  A howler monkey (D:4)
  A scorpion zombie (D:5)
  Terence (D:2)
  3 iguanas (D:5)
  An orc wizard (D:5)
  Robin (D:4)
  3 gnolls (D:4)
  A howler monkey skeleton (D:5)
  4 adders
  2 worms
  2 dart slugs
  7 orcs
  10 endoplasms
  A giant cockroach (D:3)
  16 goblins
  9 hobgoblins
  13 jackals
  A quokka (D:3)
  7 ball pythons
  4 bats
  4 frilled lizards
  9 kobolds
  2 rats (D:1)
106 creatures vanquished.

Vanquished Creatures (others)
  A hobgoblin (D:4)
1 creature vanquished.

Grand Total: 107 creatures vanquished

Notes
Turn   | Place    | Note
-------+----------+-------------------------------------------
     0 | D:1      | Delamore the Octopode Brigand began the quest for the Orb.
     0 | D:1      | Reached XP level 1. HP: 14/14 MP: 1/1
   373 | D:1      | Reached XP level 2. HP: 14/19 MP: 2/2
  1160 | D:1      | Found a faded altar of an unknown god.
  1320 | D:1      | Reached XP level 3. HP: 24/24 MP: 3/3
  1386 | D:2      | Noticed Terence
  1388 | D:2      | Killed Terence
  1389 | D:2      | Reached skill level 6 in Stealth
  1584 | D:2      | Reached XP level 4. HP: 30/30 MP: 4/4
  1772 | D:2      | Found a sacrificial altar of Ru.
  3425 | D:4      | Reached XP level 5. HP: 24/35 MP: 5/5
  4153 | D:4      | Noticed Robin
  4257 | D:4      | Reached skill level 7 in Stealth
  4538 | D:4      | Killed Robin
  4800 | D:4      | Identified the +2 ring mail of Hetan Leo {-Cast Will- Dex+9
                  | SInv}
  4821 | D:4      | Reached XP level 6. HP: 29/42 MP: 6/6
  5238 | D:4      | Found a blossoming altar of Fedhas.
  5439 | D:4      | Noticed an oklob plant
  5559 | D:5      | Entered Level 5 of the Dungeon
  5559 | D:5      | Noticed Sigmund
  5570 | D:5      | Killed Sigmund
  5639 | D:5      | Found Qaptaph's Armour Shop.
  5798 | D:5      | Reached skill level 8 in Stealth
  5798 | D:5      | Reached XP level 7. HP: 44/46 MP: 7/7
  5869 | D:5      | Noticed Eustachio
  5877 | D:5      | Killed Eustachio
  6034 | D:5      | Found a staircase to the Ecumenical Temple.
  6042 | Temple   | Entered the Ecumenical Temple
  6100 | Temple   | Became a worshipper of Gozag Ym Sagoz the Greedy
  6847 | D:5      | Reached skill level 9 in Stealth
  6873 | D:5      | Found a shimmering altar of Xom.
  6919 | D:5      | Noticed Duvessa
  6919 | D:5      | Noticed Dowan
  6921 | D:5      | Killed Dowan
  6941 | D:5      | Mangled by Duvessa

Illustrated notes

Levels and vault maps discovered:
D:1:      matt_arrival_refuge, layout_basic, hellmonk_ecumenical_altar_lost_god
D:2:      layout_loops_cross, basic_altar, uniq_terence
D:3:      layout_basic, st_stairs_10
D:4:      kennysheep_goblin_castle, layout_loops_corners, tgw_fedhas
D:5:      layout_gridville, kennysheep_mini, minmay_temple_entry_fiery,
          serial_shops, nicolae_shop_trees, minmay_fountain_box,
          grunt_tough_drop, uniq_eustachio, uniq_duvessa, uniq_sigmund
Temple:   regret_index_temple_generic_petals

Skill      XL: |  1  2  3  4  5  6  7 |
---------------+----------------------+-----
Stealth        | 6 7 8 9 |  9.2
Dodging        | 2 3 |  3.0
Fighting       | 3 4 |  4.1
Short Blades   | 3 4 |  4.1
Throwing       | 3 |  3.0

Action                   |  1- 3 |  4- 6 |  7- 9 || total
-------------------------+-------+-------+-------++-------
Melee: Dagger            |    52 |   142 |    33 ||   227
       Tentacles         |     8 |    27 |    12 ||    47
       Constrict         |     6 |    37 |     7 ||    50
Throw: Dart              |       |    16 |     5 ||    21
Evoke: Wand              |       |       |     2 ||     2
  Use: Scroll            |       |     6 |       ||     6
 Stab: Sleeping          |    13 |    15 |     3 ||    31
Armor: Skin              |     5 |     8 |       ||    13
Dodge: Dodged            |    24 |    84 |    21 ||   129

Table legend: (Time is in decaauts)
 A = Elapsed time spent in this place.
 B = Non-inter-level travel time spent in this place.
 C = Inter-level travel time spent in this place.
 D = Time resting spent in this place.
 E = Time spent auto-exploring this place.
 F = Levels seen in this place.
 G = Mean time per level.
                   A        B        C        D        E       F      G
               +--------+--------+--------+--------+--------+-----+--------+
         Total |   6904 |   6636 |    268 |   1433 |   4460 |   6 | 1150.7 |
       Dungeon |   6827 |   6588 |    239 |   1433 |   4414 |   5 | 1365.4 |
        Temple |     77 |     48 |     29 |      0 |     46 |   1 |   77.0 |
               +--------+--------+--------+--------+--------+-----+--------+

Top non-repeatable levels by time:
     D:4: 2291 daAuts
     D:1: 1380 daAuts
     D:3: 1266 daAuts
     D:5: 1174 daAuts
     D:2: 714 daAuts
  Temple: 77 daAuts
